BR (22 & UNDER)
OCEANSIDE SWAMP FOXES @ HARTFORD DARTH WHALERS
09/07/2028
 
TOP OF THE 1ST
Oceanside Swamp Foxes batting - Pitching for Hartford Darth Whalers : RHP Carlos Contreras
Pitching: RHP Carlos Contreras
Batting: LHB Bob Huerta 0-0: Swinging Strike
0-1: Ball
1-1: Fly out, F1 (Popup, 15)
Batting: RHB Michael Reed 0-0: Ball
1-0: Ball
2-0: Ball
3-0: Base on Balls
Batting: RHB Armando García 0-0: Ball
1-0: Foul Ball, location: 2F
1-1: Ball
2-1: Called Strike
2-2: Foul Ball, location: 2F
2-2: Ball
3-2: Foul Ball, location: 2F
3-2: SINGLE (Flyball, 7LS)
Michael Reed to second
Batting: RHB Vincente López 0-0: Ball
1-0: Ball
2-0: Ball
3-0: Called Strike
3-1: Called Strike
3-2: Fly out, F9 (Flyball, 9S)
Batting: RHB Carlos Sánchez 0-0: Called Strike
0-1: Ball
1-1: SINGLE (Line Drive, 6M)
Michael Reed to third
Armando García to second
Runner from 3rd tries for Home, SAFE, no throw
Batting: RHB Brian Brown 0-0: Ball
1-0: Called Strike
1-1: Foul Ball, location: 2F
1-2: Fly out, F9 (Flyball, 9)
Top of the 1st over - 1 run(s), 2 hit(s), 0 error(s), 2 left on base; Oceanside 1 - Hartford 0
BOTTOM OF THE 1ST
Hartford Darth Whalers batting - Pitching for Oceanside Swamp Foxes : RHP Jesús Sánchez
Pitching: RHP Jesús Sánchez
Batting: LHB Doyle Price 0-0: Swinging Strike
0-1: Foul Ball, location: 2F
0-2: Strikes out looking
Batting: LHB Ryan Billman 0-0: Foul Ball, location: 2F
0-1: Fly out, F4 (Line Drive, 4)
Batting: RHB Ryan Williams 0-0: Called Strike
0-1: Foul Ball, location: 2F
0-2: Strikes out swinging
Bottom of the 1st over - 0 run(s), 0 hit(s), 0 error(s), 0 left on base; Oceanside 1 - Hartford 0
TOP OF THE 2ND
Oceanside Swamp Foxes batting - Pitching for Hartford Darth Whalers : RHP Carlos Contreras
Batting: RHB Richard Bass 0-0: Called Strike
0-1: Ball
1-1: Ball
2-1: Foul Ball, location: 2F
2-2: Strikes out swinging
Batting: SHB Gordon Beatty 0-0: Called Strike
0-1: Foul Ball, location: 2F
0-2: Fly out, F8 (Flyball, 8LS)
Batting: SHB Alfonso Guerra 0-0: Ground out 1-3 (Groundball, 13S)
Top of the 2nd over - 0 run(s), 0 hit(s), 0 error(s), 0 left on base; Oceanside 1 - Hartford 0
BOTTOM OF THE 2ND
Hartford Darth Whalers batting - Pitching for Oceanside Swamp Foxes : RHP Jesús Sánchez
Batting: RHB Brad Ravenshaw 0-0: DOUBLE (Flyball, 78XD)
Batting: RHB Ryan Thrippleton 0-0: Called Strike
0-1: Swinging Strike
0-2: Ball
1-2: Strikes out looking
Batting: RHB Jonathan Holden 0-0: Ball
1-0: Ball
2-0: Ball
3-0: Foul Ball, location: 2F
3-1: Foul Ball, location: 2F
3-2: Base on Balls
Batting: RHB Chris Osborn 0-0: Ball
1-0: Foul Ball, location: 2F
1-1: Ball
2-1: Swinging Strike
2-2: Grounds into double play, 1-6-3 (Groundball, P)
Bottom of the 2nd over - 0 run(s), 1 hit(s), 0 error(s), 1 left on base; Oceanside 1 - Hartford 0
TOP OF THE 3RD
Oceanside Swamp Foxes batting - Pitching for Hartford Darth Whalers : RHP Carlos Contreras
Batting: LHB Bob Huerta 0-0: Called Strike
0-1: Ball
1-1: Swinging Strike
1-2: Strikes out swinging
Batting: RHB Michael Reed 0-0: Swinging Strike
0-1: Called Strike
0-2: Foul Ball, location: 2F
0-2: Fly out, F8 (Flyball, 8LM)
Batting: RHB Armando García 0-0: Foul Ball, location: 2F
0-1: Swinging Strike
0-2: Ball
1-2: Ball
2-2: Strikes out swinging
Top of the 3rd over - 0 run(s), 0 hit(s), 0 error(s), 0 left on base; Oceanside 1 - Hartford 0
BOTTOM OF THE 3RD
Hartford Darth Whalers batting - Pitching for Oceanside Swamp Foxes : RHP Jesús Sánchez
Batting: RHB Chester Mullins 0-0: Called Strike
0-1: Ball
1-1: Ground out 5-3 (Groundball, 5)
Batting: LHB Bill Poe 0-0: Ball
1-0: Ball
2-0: SOLO HOME RUN (Flyball, 89XD), Distance : 435 ft
Batting: LHB Doyle Price 0-0: Ball
1-0: Foul Ball, location: 2F
1-1: Ball
2-1: Ball
3-1: Base on Balls
Batting: LHB Ryan Billman 0-0: Ball
1-0: Called Strike
1-1: Swinging Strike
1-2: Ground out 6-3 (Groundball, 6)
Doyle Price to second
Batting: RHB Ryan Williams 0-0: Ball
1-0: Ball
2-0: Ground out 5-3 (Groundball, 5)
Bottom of the 3rd over - 1 run(s), 1 hit(s), 0 error(s), 1 left on base; Oceanside 1 - Hartford 1
TOP OF THE 4TH
Oceanside Swamp Foxes batting - Pitching for Hartford Darth Whalers : RHP Carlos Contreras
Batting: RHB Vincente López 0-0: Called Strike
0-1: Ball
1-1: Foul Ball, location: 2F
1-2: Strikes out looking
Batting: RHB Carlos Sánchez 0-0: Called Strike
0-1: Called Strike
0-2: Ball
1-2: Foul Ball, location: 2F
1-2: Foul Ball, location: 2F
1-2: DOUBLE (Line Drive, 7LM)
Batting: RHB Brian Brown 0-0: Ball
1-0: Swinging Strike
1-1: Ground out 3-1 (Groundball, 34S)
Carlos Sánchez to third
Batting: RHB Richard Bass 0-0: Swinging Strike
0-1: Called Strike
0-2: Foul Ball, location: 2F
0-2: Strikes out looking
Top of the 4th over - 0 run(s), 1 hit(s), 0 error(s), 1 left on base; Oceanside 1 - Hartford 1
BOTTOM OF THE 4TH
Hartford Darth Whalers batting - Pitching for Oceanside Swamp Foxes : RHP Jesús Sánchez
Batting: RHB Brad Ravenshaw 0-0: Ball
1-0: Ball
2-0: Swinging Strike
2-1: Fly out, F8 (Flyball, 8LM)
Batting: RHB Ryan Thrippleton 0-0: Ball
1-0: Swinging Strike
1-1: Foul Ball, location: 2F
1-2: Strikes out swinging
Batting: RHB Jonathan Holden 0-0: Foul Ball, location: 2F
0-1: Ball
1-1: Ball
2-1: Ball
3-1: Called Strike
3-2: Strikes out swinging
Bottom of the 4th over - 0 run(s), 0 hit(s), 0 error(s), 0 left on base; Oceanside 1 - Hartford 1
TOP OF THE 5TH
Oceanside Swamp Foxes batting - Pitching for Hartford Darth Whalers : RHP Carlos Contreras
Batting: SHB Gordon Beatty 0-0: Ball
1-0: Swinging Strike
1-1: Foul Ball, location: 2F
1-2: Foul Ball, location: 2F
1-2: Ball
2-2: Ball
3-2: Base on Balls
Batting: SHB Alfonso Guerra 0-0: Ball
1-0: Swinging Strike
1-1: TRIPLE (Line Drive, 34D)
Gordon Beatty scores
Batting: LHB Bob Huerta 0-0: Ball
1-0: Foul Ball, location: 2F
1-1: Foul Ball, location: 2F
1-2: Strikes out looking
Pitching: RHP James Jones
Batting: RHB Michael Reed 0-0: Ball
1-0: Reached via error on a dropped throw, E3
Alfonso Guerra scores
Batting: RHB Armando García 0-0: Called Strike
0-1: Called Strike
0-2: Ball
1-2: Foul Ball, location: 2F
1-2: Ball
2-2: Ball
3-2: Fly out, F6 (Popup, 15)
Batting: RHB Vincente López 0-0: Ball
1-0: Called Strike
1-1: Ball
2-1: 2-RUN HOME RUN (Flyball, 78XD), Distance : 421 ft
Batting: RHB Carlos Sánchez 0-0: Ball
1-0: Called Strike
1-1: Ball
2-1: Swinging Strike
2-2: Foul Ball, location: 2F
2-2: Foul Ball, location: 2F
2-2: Foul Ball, location: 2F
2-2: Strikes out swinging
Top of the 5th over - 4 run(s), 2 hit(s), 1 error(s), 0 left on base; Oceanside 5 - Hartford 1
BOTTOM OF THE 5TH
Hartford Darth Whalers batting - Pitching for Oceanside Swamp Foxes : RHP Jesús Sánchez
Batting: RHB Chris Osborn 0-0: Ball
1-0: DOUBLE (Groundball, 5L)
Pinch Runner at 2nd Luis Manuel Miranda:
Batting: RHB Chester Mullins 0-0: Fly out, F9 (Flyball, 9)
Batting: LHB Bill Poe 0-0: Ball
1-0: 2-RUN HOME RUN (Flyball, 9D), Distance : 422 ft
Batting: LHB Doyle Price 0-0: SINGLE (Groundball, 56) (infield hit)
Batting: LHB Ryan Billman 0-0: Called Strike
Doyle Price steals 2nd base
0-1: Ground out 4-3 (Groundball, 4MD)
Doyle Price to third
Batting: RHB Ryan Williams 0-0: Fly out, F8 (Line Drive, 8RM)
Bottom of the 5th over - 2 run(s), 3 hit(s), 0 error(s), 1 left on base; Oceanside 5 - Hartford 3
TOP OF THE 6TH
Oceanside Swamp Foxes batting - Pitching for Hartford Darth Whalers : RHP James Jones
Now at 1B: Luis Manuel Miranda
Batting: RHB Brian Brown 0-0: Swinging Strike
0-1: SINGLE (Groundball, 4D)
Batting: RHB Richard Bass 0-0: Called Strike
0-1: Foul Ball, location: 2F
0-2: Ball
1-2: Strikes out swinging
Batting: SHB Gordon Beatty 0-0: Ball
1-0: Ball
2-0: Swinging Strike
2-1: Fly out, F3 (Popup, 3)
Batting: SHB Alfonso Guerra 0-0: Ball
1-0: Fielders Choice at 2nd, 4-6 (Groundball, 4)
Top of the 6th over - 0 run(s), 1 hit(s), 0 error(s), 0 left on base; Oceanside 5 - Hartford 3
BOTTOM OF THE 6TH
Hartford Darth Whalers batting - Pitching for Oceanside Swamp Foxes : RHP Jesús Sánchez
Batting: RHB Brad Ravenshaw 0-0: SINGLE (Groundball, 4D)
Batting: RHB Ryan Thrippleton 0-0: Ball
1-0: Called Strike
1-1: Called Strike
1-2: Ball
2-2: Ball
3-2: SINGLE (Line Drive, 78S)
Brad Ravenshaw to second
Batting: RHB Jonathan Holden 0-0: SINGLE (Groundball, 5D)
Brad Ravenshaw to third
Ryan Thrippleton to second
Batting: RHB Luis Manuel Miranda 0-0: Called Strike
0-1: Swinging Strike
0-2: Ball
1-2: Strikes out swinging
Batting: RHB Chester Mullins 0-0: Ball
1-0: Ball
2-0: Foul Ball, location: 2F
2-1: Fly out, F8 (Flyball, 8LS)
Pitching: RHP Jorge Patino
Batting: LHB Bill Poe 0-0: Foul Ball, location: 2F
0-1: Foul Ball, location: 2F
0-2: Ball
1-2: Ball
Passed Ball!
Brad Ravenshaw scores
Ryan Thrippleton to third
Jonathan Holden to second
2-2: Strikes out looking
Bottom of the 6th over - 1 run(s), 3 hit(s), 0 error(s), 2 left on base; Oceanside 5 - Hartford 4
TOP OF THE 7TH
Oceanside Swamp Foxes batting - Pitching for Hartford Darth Whalers : RHP James Jones
Batting: LHB Bob Huerta 0-0: Ball
1-0: Ball
2-0: Called Strike
2-1: Ball
3-1: Reached on error, E6 (Groundball, 56)
Batting: RHB Michael Reed 0-0: Ball
1-0: Foul Ball, location: 2F
1-1: Swinging Strike
1-2: Strikes out looking
Batting: RHB Armando García 0-0: Intentional Walk
Batting: RHB Vincente López 0-0: Called Strike
0-1: Swinging Strike
0-2: Ball
1-2: Strikes out looking
Batting: RHB Carlos Sánchez 0-0: Ball
1-0: Swinging Strike
1-1: Called Strike
1-2: Foul Ball, location: 2F
1-2: Ball
2-2: Ball
3-2: Foul Ball, location: 2F
3-2: DOUBLE (Flyball, 9LM)
Bob Huerta scores
Armando García to third
Armando García scores
Pitching: RHP Jesús Caballero
Batting: RHB Brian Brown 0-0: Called Strike
0-1: Called Strike
0-2: SINGLE (Groundball, 56D)
Carlos Sánchez to third
Runner from 3rd tries for Home, SAFE, no throw
Batting: RHB Richard Bass 0-0: Called Strike
0-1: Ball
1-1: Called Strike
1-2: DOUBLE (Flyball, 78XD)
Brian Brown to third
Runner from 3rd tries for Home, SAFE, no throw
Batting: SHB Gordon Beatty 0-0: Ball
1-0: Fly out, F8 (Flyball, 8RM)
Top of the 7th over - 4 run(s), 3 hit(s), 1 error(s), 1 left on base; Oceanside 9 - Hartford 4
BOTTOM OF THE 7TH
Hartford Darth Whalers batting - Pitching for Oceanside Swamp Foxes : RHP Jorge Patino
Batting: LHB Doyle Price 0-0: Ball
1-0: Fly out, F8 (Flyball, 8LM)
Batting: LHB Ryan Billman 0-0: Called Strike
0-1: Foul Ball, location: 2F
0-2: Ground out 4-3 (Groundball, 34)
Batting: RHB Ryan Williams 0-0: Called Strike
0-1: Foul Ball, location: 2F
0-2: Ball
1-2: Fly out, F7 (Line Drive, 7)
Bottom of the 7th over - 0 run(s), 0 hit(s), 0 error(s), 0 left on base; Oceanside 9 - Hartford 4
TOP OF THE 8TH
Oceanside Swamp Foxes batting - Pitching for Hartford Darth Whalers : RHP Jesús Caballero
Batting: SHB Alfonso Guerra 0-0: Foul Ball, location: 2F
0-1: Fly out, F4 (Popup, 4MD)
Batting: LHB Bob Huerta 0-0: Ball
1-0: Ball
2-0: Called Strike
2-1: SINGLE (Line Drive, 6M)
Batting: RHB Michael Reed 0-0: Called Strike
Bob Huerta steals 2nd base
0-1: Called Strike
0-2: Fly out, F8 (Flyball, 8RS)
Batting: RHB Armando García 0-0: Called Strike
0-1: Ball
1-1: Fly out, F8 (Flyball, 8RM)
Top of the 8th over - 0 run(s), 1 hit(s), 0 error(s), 1 left on base; Oceanside 9 - Hartford 4
BOTTOM OF THE 8TH
Hartford Darth Whalers batting - Pitching for Oceanside Swamp Foxes : RHP Jorge Patino
Batting: RHB Brad Ravenshaw 0-0: Swinging Strike
0-1: TRIPLE (Line Drive, 8LM)
Batting: RHB Ryan Thrippleton 0-0: Ball
1-0: Fly out, F8 (Flyball, 8LS)
Runner from 3rd tags up, SCORES, no throw
Batting: RHB Jonathan Holden 0-0: Called Strike
0-1: Foul Ball, location: 2F
0-2: Strikes out swinging
Batting: RHB Luis Manuel Miranda 0-0: Ball
1-0: Ball
2-0: Called Strike
2-1: Foul Ball, location: 2F
2-2: Ball
3-2: Strikes out swinging
Bottom of the 8th over - 1 run(s), 1 hit(s), 0 error(s), 0 left on base; Oceanside 9 - Hartford 5
TOP OF THE 9TH
Oceanside Swamp Foxes batting - Pitching for Hartford Darth Whalers : RHP Jesús Caballero
Batting: RHB Vincente López 0-0: Reached on error, E4 (Groundball, 34)
Batting: RHB Carlos Sánchez 0-0: Called Strike
0-1: Ball
1-1: Swinging Strike
1-2: SINGLE (Groundball, 56D)
Vincente López to second
Batting: RHB Brian Brown 0-0: Foul Ball, location: 2F
0-1: SINGLE (Groundball, 34D)
Vincente López to third
Carlos Sánchez to second
Batting: RHB Richard Bass 0-0: Ball
1-0: Called Strike
1-1: Swinging Strike
1-2: Fly out, F9 (Flyball, 89M)
Runner from 3rd tags up, OUT at HOME
Carlos Sánchez to third
Brian Brown to second
Batting: SHB Gordon Beatty 0-0: Swinging Strike
0-1: Swinging Strike
0-2: Ball
1-2: Ball
2-2: Strikes out swinging
Top of the 9th over - 0 run(s), 2 hit(s), 1 error(s), 2 left on base; Oceanside 9 - Hartford 5
BOTTOM OF THE 9TH
Hartford Darth Whalers batting - Pitching for Oceanside Swamp Foxes : RHP Jorge Patino
Batting: RHB Chester Mullins 0-0: Ball
1-0: Ball
2-0: Ball
3-0: Base on Balls
Batting: LHB Bill Poe 0-0: Ball
1-0: Fielders Choice at 2nd, 6-4 (Groundball, 6)
Batting: LHB Doyle Price 0-0: Foul Ball, location: 2F
0-1: Fielders Choice at 2nd, 1-4 (Groundball, 15S)
Batting: LHB Ryan Billman 0-0: Fielders Choice at 2nd, 4-6 (Groundball, 34)
Bottom of the 9th over - 0 run(s), 0 hit(s), 0 error(s), 0 left on base; Oceanside 9 - Hartford 5
Tuesday, August 8th, 2017 - OOTP Baseball 17.12 Build 75